 Dungeon Crawl Stone Soup version 0.31-a0-1227-g0136665373 (webtiles) character file.

Game seed: 9240579384126310830

606 BubbleThief the Ruffian (level 7, -4/49 HPs)
             Began as an Octopode Shapeshifter on Dec 14, 2023.
             Slain by an iguana (9 damage)
             ... on level 4 of the Dungeon.
             The game lasted 00:03:30 (3142 turns).

BubbleThief the Ruffian (Octopode Shapeshifter)     Turns: 3142, Time: 00:03:31

Health: -4/49      AC:  1    Str: 15    XL:     7   Next: 42%
Magic:  0/7        EV: 13    Int: 13    God:
Gold:   273        SH:  0    Dex: 11    Spells: 6/6 levels left

rFire   . .          .
                       - Unarmed
rCold   . . .        (no shield)
rNeg    . . .        (helmet currently unavailable)
rPois   .            n - amulet of guardian spirit
rElec   .            k - ring of resist corrosion
rCorr   +            (no ring)
SInv    .            (no ring)
Will    .....        (no ring)
Stlth   ++           (no ring)
HPRegen 0.28/turn    (no ring)
MPRegen 0.10/turn    (no ring)
                     (no ring)

%: guardian spirit
@: beast-form
A: beast (slay +2), almost no armour, amphibious, 8 rings, camouflage 1,
gelatinous body 1, (nimble swimmer 1), tentacles
a: Begin Untransformation


You were on level 4 of the Dungeon.
You were a hulking beast.
You visited 1 branch of the dungeon, and saw 5 of its levels.

You collected 273 gold pieces.

Inventory:

Jewellery
 k - a ring of resist corrosion (left tentacle)
 n - an amulet of guardian spirit (around mantle)
Talismans
 b - a beast talisman
 c - a flux talisman
Scrolls
 d - 4 scrolls of identify {unknown}
 g - a scroll of enchant armour {unknown}
 i - a scroll of poison {unknown}
 m - a scroll of vulnerability {unknown}
Potions
 a - a potion of lignification
 e - a potion of mutation {unknown}
 f - 2 potions of heal wounds {unknown}
 h - a potion of attraction {unknown}
 j - 2 potions of might {unknown}
 l - 2 potions of curing {unknown}


   Skills:
 + Level 4.5 Fighting
 - Level 2.0 Dodging
 + Level 5.3 Unarmed Combat
 + Level 5.0 Shapeshifting


You had 6 spell levels left.
You didn't know any spells.
Your spell library contained the following spells:

 Spells                   Type           Power      Damage    Failure   Level
 Freeze                   Ice            0%         1d3       30%         1
 Frozen Ramparts          Ice            0%         1d1       67%         3
 Hailstorm                Conj/Ice       0%         3d5       67%         3


Dungeon Overview and Level Annotations

Branches:
Dungeon (5/15)
 Temple: D:4-7

Altars:
Fedhas
Gozag
Sif Muna

Annotations:
D:5 3 runed translucent doors, hgbash's ghost, amateur SpVM; kaesle's ghost, novice HOFi; tgirl's ghost, novice KoEn


Innate Abilities, Weirdness & Mutations

You are a hulking beast.
Your limbs bulge with bestial killing power. (Slay +2)
You cannot wear most types of armour.
You are amphibious.
You can wear up to eight rings at the same time.
Your skin changes colour to match your surroundings (Stealth+).
Your rubbery body absorbs attacks. (AC +1, EV +1)
((You are camouflaged when in or above water. (Stealth+)))
You have tentacles for arms and can constrict up to eight enemies at once.


Message History

Edmund hits you with a +3 dire flail of protection!
* * * LOW HITPOINT WARNING * * *
Unknown command.
You bludgeon Edmund!
Edmund is almost dead.
You constrict Edmund, but do no damage.
Unknown command.
You bludgeon Edmund!
You kill Edmund!
Your Shapeshifting skill increases to level 5!
You bludgeon the hobgoblin!
You kill the hobgoblin!
You start resting.
An iguana comes into view.
Things that are here:
a +3 dire flail of protection; a +0 leather armour; the human corpse of Edmund You start resting.
Magic restored.
You start resting.
An iguana is nearby!
You closely miss the iguana.
The iguana hisses angrily.
You grab the iguana.
You constrict the iguana, but do no damage.
The iguana barely misses you.
You tentacle-slap the iguana.
The iguana is lightly wounded.
You constrict the iguana, but do no damage.
The iguana bites you!
* * * LOW HITPOINT WARNING * * *
You tentacle-slap the iguana. You squeeze the iguana.
The iguana is heavily wounded.
You constrict the iguana, but do no damage.
The iguana bites you!
* * * LOW HITPOINT WARNING * * *
You tentacle-slap the iguana.
You squeeze the iguana, but do no damage.
The iguana is heavily wounded.
You constrict the iguana. The iguana bites you!
You die...

# # ####.#########
###. .............#
#...##. #.##......#
#.... #...)...#####
#.#..#####..).....####
#.....l.##..#.###.....
###.#h#)##..#(#.....#.
.. #.#.....#.#.###.#.
... #.###...#...# ....
#.. #.###......###..##
#. #.#.....##)# #... #
#.#.#....#.###.###
#.#...>...<.......
#.#......l.#.#.###
##.#####...# ###


You could see an iguana.

Vanquished Creatures
  Edmund (D:4)
  2 scorpions (D:4)
  A howler monkey (D:5)
  3 orc priests (D:3)
  Terence (D:3)
  A sleepcap (D:4)
  Natasha (twice) (D:4)
  An orc wizard (D:3)
  4 gnolls (D:4)
  3 adders
  3 orcs (D:3)
  5 endoplasms
  2 giant cockroaches
  4 goblins
  6 hobgoblins
  3 jackals (D:2)
  2 quokkas
  7 ball pythons
  2 bats (D:1)
  2 frilled lizards
  10 kobolds
  2 rats
67 creatures vanquished.

Notes
Turn   | Place    | Note
-------+----------+-------------------------------------------
     0 | D:1      | BubbleThief the Octopode Shapeshifter began the quest for
                  | the Orb.
     0 | D:1      | Reached XP level 1. HP: 13/13 MP: 1/1
   162 | D:1      | Reached XP level 2. HP: 18/18 MP: 2/2
   910 | D:2      | Reached XP level 3. HP: 22/24 MP: 3/3
  1059 | D:2      | Found a faded altar of an unknown god.
  1645 | D:3      | Reached XP level 4. HP: 17/30 MP: 1/4
  1647 | D:3      | HP: 1/30 [orc/+0 short sword (3)]
  1817 | D:3      | You fall into a shaft and drop 2 floors!
  1817 | D:5      | Entered Level 5 of the Dungeon
  1820 | D:5      | Found a runed translucent gate.
  1820 | D:5      | Found a runed translucent gate.
  1823 | D:5      | Found a runed translucent gate.
  1824 | D:5      | Noticed tgirl's ghost (novice KoEn)
  1824 | D:5      | Noticed hgbash's ghost (amateur SpVM)
  1825 | D:5      | Noticed kaesle's ghost (novice HOFi)
  1847 | D:5      | Reached XP level 5. HP: 31/36 MP: 5/5
  1853 | D:5      | Noticed a lemure
  1861 | D:4      | Found a blossoming altar of Fedhas.
  1861 | D:4      | Found an opulent altar of Gozag.
  1864 | D:4      | Found a shimmering blue altar of Sif Muna.
  2049 | D:4      | Noticed Natasha
  2053 | D:4      | Killed Natasha
  2093 | D:4      | Noticed Natasha
  2100 | D:4      | Killed Natasha
  2101 | D:4      | Reached XP level 6. HP: 40/42 MP: 4/6
  2322 | D:3      | Noticed Terence
  2327 | D:3      | Killed Terence
  2462 | D:3      | Reached XP level 7. HP: 44/48 MP: 7/7
  2719 | D:3      | Reached skill level 5 in Unarmed Combat
  3051 | D:4      | Noticed Edmund
  3066 | D:4      | HP: 2/48 [Edmund/+3 dire flail of protection (10)]
  3068 | D:4      | Killed Edmund
  3069 | D:4      | Reached skill level 5 in Shapeshifting
  3142 | D:4      | Slain by an iguana

Illustrated notes

Levels and vault maps discovered:
D:1:      heliophobic_arrival_glass_houses, layout_basic, serial_rivers,
          chequers_serial_rivers_micro_e, chequers_serial_rivers_micro_b,
          chequers_serial_rivers_micro_b, chequers_serial_rivers_micro_d,
          amcnicky_mini_rare_corridor_liquid
D:2:      layout_rooms, nicolae_ecumenical_snake_handling
D:3:      layout_loops_corners, st_stairs_9, uniq_ijyb, uniq_terence
D:4:      gammafunk_steamed_eel, layout_basic,
          nicolae_overflow_guarded_unrand_okawaru_victory,
          chequers_temple_overflow_statue_of_worship, uniq_eustachio,
          uniq_natasha, uniq_edmund
D:5:      layout_cave_pools, gammafunk_ghost_cemetery, uniq_blork_the_orc,
          uniq_prince_ribbit1, uniq_pikel, uniq_sigmund

Skill      XL: |  1  2  3  4  5  6  7 |
---------------+----------------------+-----
Fighting       | 2 3 4 |  4.5
Unarmed Combat | 4 5 |  5.3
Shapeshifting  | 4 5 |  5.0
Dodging        | |  2.0

Action                     |  1- 3 |  4- 6 |  7- 9 || total
---------------------------+-------+-------+-------++-------
  Melee: Unarmed           |    71 |    68 |    24 ||   163
         Constrict         |    14 |    19 |     4 ||    37
         Tentacles         |     8 |    16 |     8 ||    32
         Punch             |     4 |     2 |     1 ||     7
   Stab: Sleeping          |     2 |     3 |       ||     5
         Distracted        |       |     1 |       ||     1
 Armour: Skin              |    33 |    26 |    17 ||    76
  Dodge: Dodged            |    38 |    32 |     6 ||    76

Table legend: (Time is in decaauts)
 A = Elapsed time spent in this place.
 B = Non-inter-level travel time spent in this place.
 C = Inter-level travel time spent in this place.
 D = Time resting spent in this place.
 E = Time spent auto-exploring this place.
 F = Levels seen in this place.
 G = Mean time per level.
                   A        B        C        D        E       F      G
               +--------+--------+--------+--------+--------+-----+--------+
         Total |   3137 |   3098 |     39 |    232 |   2387 |   5 |  627.4 |
       Dungeon |   3137 |   3098 |     39 |    232 |   2387 |   5 |  627.4 |
               +--------+--------+--------+--------+--------+-----+--------+

Top non-repeatable levels by time:
     D:3: 1102 daAuts
     D:1: 852 daAuts
     D:2: 603 daAuts
     D:4: 541 daAuts
     D:5: 37 daAuts
